 Dungeon Crawl Stone Soup version 0.28-a0-577-gb193047a1f (webtiles) character file.

Game seed: 6397685546980110948

39 iamoutofideas the Chopper (level 3, 0/30 HPs)
             Began as a Hill Orc Gladiator on Oct 1, 2021.
             Slain by Terence (7 damage)
             ... on level 2 of the Dungeon.
             The game lasted 00:00:56 (1721 turns).

iamoutofideas the Chopper (Hill Orc Gladiator)      Turns: 1721, Time: 00:00:57

Health: 0/30       AC:  4    Str: 17    XL:     3   Next: 47%
Magic:  3/3        EV: 12    Int:  8    God:
Gold:   58         SH:  0    Dex: 12    Spells: 2/2 levels left

rFire   . . .      SeeInvis .   a - +0 war axe
rCold   . . .      Faith    .   (no shield)
rNeg    . . .      Spirit   .   b - +0 leather armour
rPois   .          Reflect  .   c - +0 helmet
rElec   .          Harm     .   (no cloak)
rCorr   .          Rampage  .   (no gloves)
Will    .....                   (no boots)
Stlth   +.........              (no amulet)
HPRegen 0.10/turn               (no ring)
MPRegen 0.08/turn               (no ring)

@: no status effects
A: no striking features
a: no special abilities


You were on level 2 of the Dungeon.
You visited 1 branch of the dungeon, and saw 2 of its levels.

You collected 58 gold pieces.

Inventory:

Hand Weapons
 a - a +0 war axe (weapon)
Missiles
 d - 3 throwing nets (quivered)
Armour
 b - a +0 leather armour (worn)
 c - a +0 helmet (worn)
Scrolls
 e - a scroll of teleportation {unknown}
 f - a scroll of vulnerability {unknown}
Potions
 g - a potion of attraction {unknown}
 h - a potion of might {unknown}
 i - 2 potions of curing {unknown}
 j - a potion of invisibility {unknown}
 k - a potion of lignification {unknown}


   Skills:
 - Level 2.4 Fighting
 + Level 5.8 Axes
 - Level 1.7 Throwing
 - Level 2.4 Dodging


You had 2 spell levels left.
You didn't know any spells.
Your spell library was empty.

Dungeon Overview and Level Annotations

Branches:
Dungeon (2/15)

Altars:
Zin

Annotations:
D:2 Terence


Message History

A kobold comes into view. It is wielding a +0 dagger.
A kobold is nearby!
A kobold is nearby!
You barely miss the kobold. The kobold hits you with a +0 dagger.
You hit the kobold.
You kill the kobold!
No target in view!
No target in view!
Things that are here:
a +0 dagger; a kobold corpse Terence the Incautious comes into view.
He is wielding a +0 mace.
Terence shouts!
Terence is nearby!
Terence is nearby!
You hit Terence.
Terence is moderately wounded.
Terence barely misses you. Terence hits you with a +0 mace.
You closely miss Terence.
Terence is moderately wounded.
Terence hits you with a +0 mace.
You barely miss Terence.
Terence is moderately wounded.
Terence says, "Did you write a will?
You should..."
Terence barely misses you.
You hit Terence.
Terence is moderately wounded.
Terence hits you with a +0 mace!
You are too injured to fight recklessly!
You are too injured to fight recklessly!
You completely miss Terence.
Terence is moderately wounded.
Terence barely misses you.
You hit Terence.
Terence is heavily wounded.
Terence barely misses you. Terence hits you with a +0 mace!
* * * LOW HITPOINT WARNING * * *
You barely miss Terence.
Terence is heavily wounded.
Terence hits you with a +0 mace!
You die...

#.#.#.#.# #.#.#.#.#
#.#.#.#.##### ####
#.#...#...... ...
#.#####...... ..#
#.#...####... #.# #.#.#.#
#.## #@# #.#.#.# #.## #@#
#.#.#.# #.## ##### #.#
#...#.# #<## ...# #.#
#####.####### #.#####.####.#
#...#.#...... .........)...#
#.#)#.##.###. .#####.######
#.#.#.##.# #.
#.#####.######.##.#.#.##.###.
.>..............#.#...#......
...####.######.##.######.###.


You could see Terence.

Vanquished Creatures
  An adder (D:2)
  4 endoplasms
  2 giant cockroaches (D:1)
  2 goblins
  3 hobgoblins (D:1)
  6 kobolds
  2 quokkas
  2 ball pythons (D:1)
  2 bats (D:1)
  A frilled lizard (D:1)
  2 rats
27 creatures vanquished.

Vanquished Creatures (others)
  11 plants (D:1)
11 creatures vanquished.

Grand Total: 38 creatures vanquished

Notes
Turn   | Place    | Note
-------+----------+-------------------------------------------
     0 | D:1      | iamoutofideas the Hill Orc Gladiator began the quest for
                  | the Orb.
     0 | D:1      | Reached XP level 1. HP: 18/18 MP: 1/1
   353 | D:1      | Reached XP level 2. HP: 20/25 MP: 2/2
   719 | D:1      | Reached skill level 5 in Axes
  1127 | D:2      | Reached XP level 3. HP: 30/30 MP: 3/3
  1229 | D:2      | Found a glowing silver altar of Zin.
  1711 | D:2      | Noticed Terence
  1721 | D:2      | Slain by Terence

Illustrated notes

Levels and vault maps discovered:
D:1:      dpeg_arrival_renting, layout_basic, serial_bayou_lagoon_a,
          minmay_cut_off
D:2:      layout_basic, dilly_ecumenical_altar_fadedgnrine, basic_altar,
          roderic_serpentine_path, uniq_terence

Skill      XL: |  1  2 |
---------------+-------+-----
Axes           | 5 |  5.8
Fighting       | |  2.4
Throwing       | |  1.7
Dodging        | |  2.4

Action                   || total
-------------------------++-------
Melee: War axe           ||    95
Armor: Leather armour    ||    24
Dodge: Dodged            ||    75

Table legend: (Time is in decaauts)
 A = Elapsed time spent in this place.
 B = Non-inter-level travel time spent in this place.
 C = Inter-level travel time spent in this place.
 D = Time resting spent in this place.
 E = Time spent auto-exploring this place.
 F = Levels seen in this place.
 G = Mean time per level.
                   A        B        C        D        E       F      G
               +--------+--------+--------+--------+--------+-----+--------+
         Total |   1750 |   1747 |      3 |    215 |   1294 |   2 |  875.0 |
       Dungeon |   1750 |   1747 |      3 |    215 |   1294 |   2 |  875.0 |
               +--------+--------+--------+--------+--------+-----+--------+

Top non-repeatable levels by time:
     D:1: 1135 daAuts
     D:2: 615 daAuts
